Map: Backwater LE

Players

FuZzy - Winner!

  • Race: Terran Terran
  • League: Diamond
  • Spawn Location: 5:00

Graveyard

  • Race: Zerg Zerg
  • League: Diamond
  • Spawn Location: 11:00

VOD

Have the link to the VOD?

Description

Terran marches across map and kills me.

Time

  • Played on: March 31, 2018, 5:01 p.m.
  • Length: 18:31
Show
View Real Time Build Order
Export as new Build Order

FuZzy Terran - Winner!

Build Orders: Hellion Banshee, Mech 

Get SALT Encoding   

  12  0:01  SCV  
  13  0:13  SCV  
  14  0:17  Supply Depot  
  14  0:25  SCV  
  14  0:27  Refinery  
  15  0:39  SCV  
  16  0:45  Barracks  
  16  0:52  SCV  
  17  1:04  SCV  
  18  1:16  SCV  
  20  1:33  Orbital Command  
  20  1:35  Reaper  
  20  1:44  Command Center  
  20  1:54  Factory  
  20  2:00  Refinery  
  20  2:03  SCV  
  21  2:10  Barracks Reactor  
  21  2:15  SCV  
  22  2:20  Supply Depot  
  22  2:28  SCV  
  23  3:03  Orbital Command  
  23  3:05  Hellion x2, Barracks Tech Lab  
  27  3:10  Starport  
  27  3:17  SCV  
  28  3:26  Hellion x2  
  32  3:31  SCV  
  32  3:32  SCV  
  34  3:36  Barracks Tech Lab  
  34  3:45  SCV x2  
  36  3:55  Medivac  
  38  3:57  SCV x2  
  38  3:58  Marauder, Cyclone  
  45  4:03  Supply Depot  
  45  4:09  Cyclone, Refinery  
  48  4:18  Marine  
  48  4:20  Armory  
  49  4:28  Banshee  
  52  4:33  Hellion  
  52  4:35  SCV x2  
  52  4:36  Marine  
  57  4:40  Supply Depot  
  57  4:41  Hellion  
  59  4:47  SCV x2  
  61  4:59  SCV  
  62  5:25  Command Center  
  62  5:27  Supply Depot x2  
  52  6:00  Supply Depot  
  52  6:06  SCV x2  
  52  6:08  Cyclone x2  
  52  6:09  Banshee  
  63  6:16  Cloaking Field  
  63  6:17  Marauder  
  65  6:33  SCV x2, Supply Depot  
  67  6:40  Refinery  
  67  6:45  SCV x2, Cyclone x2, Liberator, Factory x2  
  75  6:47  Orbital Command  
  75  6:48  Factory  
  75  6:57  SCV x2  
  75  7:00  Marauder  
  79  7:07  Terran Vehicle Weapons Level 1  
  82  7:13  Armory  
  82  7:17  Hellion x2  
  86  7:37  Supply Depot  
  86  7:38  Engineering Bay  
  86  7:47  Liberator  
  86  7:49  Supply Depot  
  86  7:55  Supply Depot  
  86  7:57  Supply Depot  
  86  7:59  SCV x3  
  86  8:03  Cyclone x2  
  98  8:09  Factory Reactor  
  98  8:11  Factory Tech Lab  
  98  8:18  Supply Depot  
  98  8:20  Orbital Command  
  98  8:29  Supply Depot  
  98  8:32  Supply Depot  
  98  8:35  Supply Depot  
  98  8:39  Refinery  
  98  8:40  Supply Depot  
  98  8:42  Refinery  
  98  8:45  Siege Tank x2  
  98  8:47  Barracks Tech Lab  
  108  8:48  Hellbat x2  
  108  8:50  Infernal Pre-Igniter  
  108  8:56  Factory  
  108  8:57  Factory  
  108  9:00  Supply Depot  
  108  9:02  Terran Vehicle And Ship Armor Level 1  
  108  9:07  Marine  
  109  9:13  Hellbat  
  109  9:14  Hellbat  
  109  9:15  Hellbat x2  
  117  9:17  Hellbat  
  117  9:18  Hellbat  
  98  9:52  SCV x3  
  101  9:57  Supply Depot  
  101  10:02  Supply Depot  
  101  10:04  SCV, Supply Depot x2  
  102  10:12  Thor  
  102  10:13  Thor  
  114  10:14  Hellbat  
  114  10:15  Hellbat x3  
  114  10:18  SCV x3  
  125  10:30  SCV x2  
  127  10:36  Hellbat  
  127  10:42  Cyclone  
  132  10:44  Hellbat x2  
  113  10:57  Cyclone  
  105  11:29  Siege Tank  
  105  11:30  Siege Tank  
  105  11:31  Cyclone x4  
  108  11:46  Banshee  
  111  11:48  Marauder  
  111  11:50  Factory Tech Lab, Factory Reactor  
  98  12:25  Thor  
  98  12:26  Hellbat x2  
  98  12:27  Thor x2  
  98  12:28  Hellbat  
  98  12:29  Hellbat  
  124  12:33  Cyclone x2  
  130  12:49  Command Center  
  123  13:10  Cyclone x2  
  123  13:11  Hellbat x2  
  124  13:15  Thor  
  124  13:16  Thor  
  124  13:18  Hellbat x2  
  131  13:45  Hellbat x2, Siege Tank  
  131  13:46  Hellbat x2  
  131  13:47  Marauder  
  131  13:48  Banshee  
  136  13:49  Hellbat x2  
  134  13:55  Starport  
  134  14:07  Thor  
  134  14:09  Hellbat  
  144  14:10  Hellbat, Thor  
  144  14:12  Hellbat  
  144  14:14  Hellbat  
  156  14:17  Hellbat  
  156  14:19  Hellbat  
  152  14:34  Hellbat  
  154  14:58  Hellbat x3, Refinery  
  154  14:59  Hellbat x6  
  162  15:19  Hellbat  
  162  15:20  Hellbat x6  
  162  15:21  Hellbat x2  
  174  15:38  SCV x3  
  178  15:44  Planetary Fortress  
  178  15:46  Thor  
  178  15:47  Thor  
  178  15:48  Thor  
  195  15:50  SCV  
  195  15:55  Supply Depot  
  195  15:57  Supply Depot x2  
  196  16:00  Supply Depot  
  196  16:01  Supply Depot  
  196  16:02  Supply Depot  
  196  16:06  Refinery  
  196  16:17  SCV x3  
  199  16:22  Command Center  
  199  16:42  Hellbat  
  199  16:44  Hellbat  
  165  16:59  Marauder  
  157  17:02  Thor  
  157  17:03  Thor x2  
  157  17:05  Cyclone x6  
  191  17:21  Marauder  
  188  17:37  Cyclone  
  191  17:45  Thor  
  191  17:48  Cyclone  
Show
View Real Time Build Order
Export as new Build Order

Graveyard Zerg 

Build Orders: Hatch First 

Get SALT Encoding   

  12  0:00  Drone  
  13  0:12  Overlord  
  13  0:17  Drone  
  14  0:31  Drone x2  
  16  0:41  Drone  
  17  0:53  Hatchery  
  16  0:57  Drone  
  16  1:01  Drone  
  18  1:12  Extractor  
  18  1:16  Spawning Pool  
  16  1:21  Drone  
  17  1:26  Drone  
  18  1:33  Drone  
  18  1:39  Overlord  
  19  1:51  Drone  
  20  2:06  Drone  
  20  2:07  Queen x2, Zergling x2  
  26  2:13  Drone  
  27  2:18  Drone  
  28  2:23  Drone  
  28  2:27  Drone  
  29  2:48  Hatchery  
  28  3:03  Drone x5  
  33  3:09  Drone  
  34  3:19  Drone x2  
  36  3:27  Overlord  
  36  3:28  Overlord  
  36  3:30  Overlord  
  36  3:46  Drone x3  
  36  3:48  Drone x2  
  41  3:50  Drone  
  42  3:56  Spore Crawler  
  42  3:59  Spore Crawler  
  42  4:02  Drone x2  
  42  4:03  Drone x2  
  42  4:09  Drone x4  
  48  4:11  Evolution Chamber x2  
  48  4:12  Zergling x4  
  48  4:16  Pneumatized Carapace  
  48  4:20  Extractor  
  48  4:22  Queen  
  49  4:25  Queen  
  49  4:29  Drone x4  
  55  4:31  Extractor  
  55  4:32  Zergling x6  
  55  4:38  Spine Crawler  
  56  4:50  Spine Crawler  
  56  4:52  Zergling x6  
  59  4:54  Zergling x10  
  59  4:57  Spine Crawler  
  63  5:02  Zerg Ground Armor Level 1  
  63  5:09  Zergling x6  
  63  5:11  Overlord  
  65  5:21  Spine Crawler  
  65  5:24  Zergling x6  
  65  5:28  Metabolic Boost  
  65  5:29  Queen x2  
  60  6:10  Evolution Chamber  
  59  6:12  Drone  
  59  6:14  Drone x11, Roach Warren  
  59  6:15  Zergling x8  
  74  6:26  Baneling Nest  
  74  6:29  Overlord x2  
  73  6:37  Zerg Melee Weapons Level 1  
  73  6:38  Drone  
  74  6:56  Spore Crawler  
  74  6:57  Extractor  
  74  6:59  Drone x5  
  74  7:00  Drone x5  
  82  7:10  Drone x3  
  82  7:12  Roach, Zergling x4  
  82  7:14  Overlord x2  
  89  7:18  Extractor  
  89  7:20  Extractor  
  87  7:27  Extractor  
  87  7:29  Lair  
  86  7:31  Hatchery  
  86  7:34  Zerg Missile Weapons Level 1  
  86  7:35  Roach x10  
  105  7:37  Baneling  
  105  7:38  Baneling x6  
  105  7:47  Drone  
  105  7:50  Overlord x2  
  105  7:51  Overlord  
  106  7:58  Overlord x3  
  106  7:59  Overlord, Hatchery  
  106  8:04  Baneling x5  
  106  8:05  Baneling  
  105  8:07  Ravager  
  105  8:09  Roach x2  
  110  8:29  Roach x9  
  128  8:56  Overseer  
  128  8:58  Hydralisk Den, Ravager  
  128  8:59  Ravager  
  128  9:01  Baneling x2  
  129  9:09  Zergling x2  
  130  9:15  Zerg Melee Weapons Level 2  
  108  9:45  Hydralisk x6  
  85  9:46  Hydralisk  
  85  9:52  Drone x2  
  99  9:53  Drone x2  
  99  9:56  Grooved Spines  
  101  10:02  Drone  
  101  10:03  Drone  
  101  10:04  Drone  
  104  10:13  Hydralisk x2  
  104  10:14  Hydralisk x2  
  106  10:18  Ravager  
  113  10:23  Queen  
  113  10:27  Zergling x26  
  123  10:54  Hydralisk x10  
  110  10:57  Hatchery  
  110  10:58  Zergling x16  
  109  11:06  Hydralisk x3  
  98  11:24  Hydralisk x5  
  84  11:35  Hydralisk x3  
  81  11:40  Hydralisk  
  81  11:41  Hydralisk  
  81  11:46  Hydralisk  
  77  11:51  Zergling x4  
  77  11:52  Hydralisk, Zergling x6  
  80  11:56  Queen x3  
  80  11:57  Hydralisk  
  80  11:58  Zergling x24  
  96  12:06  Hydralisk x3  
  98  12:12  Hydralisk, Overlord  
  95  12:35  Hydralisk x7  
  109  12:44  Baneling x5  
  109  12:49  Extractor  
  109  12:50  Extractor  
  83  13:13  Hydralisk  
  83  13:14  Hydralisk x3  
  83  13:16  Hydralisk  
  83  13:17  Hydralisk x2  
  83  13:18  Hydralisk  
  95  13:22  Hydralisk x3  
  95  13:24  Zergling x2  
  95  13:25  Zergling x16  
  95  13:26  Zergling x8  
  114  13:28  Zergling x2  
  108  13:43  Hydralisk x4  
  102  13:57  Drone  
  102  13:58  Hatchery  
  102  14:09  Drone x2  
  104  14:11  Drone x5  
  104  14:14  Drone  
  104  14:15  Drone  
  107  14:36  Overseer  
  106  14:39  Drone x6  
  106  14:41  Drone x5  
  106  14:42  Drone, Extractor  
  106  14:44  Extractor  
  116  14:49  Hydralisk  
  116  14:50  Hydralisk  
  120  14:57  Zergling x8  
  96  15:23  Hydralisk x9, Zergling x2  
  99  15:33  Drone x6  
  105  15:40  Hydralisk x4  
  113  15:45  Muscular Augments  
  113  15:57  Hydralisk, Zergling x8  
  113  15:58  Zergling x4  
  121  16:05  Evolution Chamber  
  121  16:07  Evolution Chamber  
  119  16:14  Drone x3, Infestation Pit  
  119  16:15  Drone x2  
  123  16:19  Extractor  
  123  16:20  Extractor  
  121  16:26  Baneling x3  
  121  16:27  Baneling x6  
  121  16:29  Baneling x2  
  121  16:35  Zergling x20  
  121  16:36  Zergling x2  
  121  16:37  Baneling x3  
  121  16:38  Baneling  
  111  16:58  Hydralisk x5  
  111  16:59  Hydralisk x3  
  105  17:04  Hydralisk x5  
  105  17:21  Hydralisk x10  
  123  17:28  Hydralisk  
  117  17:32  Hydralisk x2  
  96  17:45  Zergling x4  
  96  17:49  Hydralisk x4  
  96  17:51  Hydralisk  
Tags
 
Add a new tag
Caveats
  • Supply blocks, unpowered buildings, or Contaminate may cause inaccurate times.
  • Supply counts are checked every 10 seconds.